AoeStats
← Cardinal Richelieu

Arena

510030079Analyzed
2v2 RM · 3d ago on Sep 29, 2026· 53m 37s· 4 players
Game mode
Random Map
Map size
Medium (4 player)
Population
200
Speed
Normal
Resources
Standard
Victory
Conquest
Starting age
Dark Age
Ending age
Imperial Age
RankedLock teamsTeams togetherTeam positionsShared explorationLock speedFull tech treeHidden civsTurbo modeCheats
Victory
Defeat
🇺🇸 Burgundians · United States
803
+12
🇺🇸 Franks · United States
723
+15
🇺🇸 Spanish · United States
727
-14
🇺🇸 Danes · United States
688
-13
Cardinal Richelieu
10:03 Feudal Age
10:43 Double-Bit Axe
16:13 Castle Age
18:08 Loom
19:55 Fletching
23:03 Pikeman
25:25 Bodkin Arrow
25:31 Padded Archer Armor
32:46 Scale Mail Armor
36:56 Wheelbarrow
37:23 Chain Mail Armor
38:29 Crossbowman
39:31 Horse Collar
41:03 Thumb Ring
48:33 Imperial Age
51:29 Conscription
Aramis
10:57 Feudal Age
12:17 Loom
16:57 Castle Age
15:25 Padded Archer Armor
17:33 Double-Bit Axe
27:41 Bow Saw
31:06 Herbal Medicine
32:17 Pikeman
35:35 Squires
42:07 Imperial Age
40:37 Wheelbarrow
41:39 Horse Collar
43:24 Conscription
43:43 Hand Cart
45:25 Halberdier
49:58 Heavy Plow
49:26 Cavalier
50:17 Bloodlines
50:08 Husbandry
51:37 Fortified Wall
52:28 Chemistry
Tatan
11:07 Feudal Age
12:58 Double-Bit Axe
13:09 Gold Mining
16:39 Loom
23:34 Castle Age
26:13 Scale Mail Armor
31:39 Crossbowman
39:14 Elite Skirmisher
46:17 Ballistics
45:58 Stone Mining
XXsangerealXX 3
12:06 Feudal Age
11:45 Double-Bit Axe
11:58 Gold Mining
11:50 Horse Collar
14:08 Bow Saw
18:25 Castle Age
16:33 Heavy Plow
20:19 Two-Man Saw
18:43 Cavalier
19:36 Scale Barding Armor
24:41 Scale Mail Armor
28:39 Chain Barding Armor
29:12 Husbandry
34:15 Wheelbarrow
34:15 Chain Mail Armor
34:11 Forging
34:52 Burgundian Vineyards
36:10 Murder Holes
36:36 Ballistics
35:57 Treadmill Crane
37:02 Fortified Wall
41:28 Imperial Age
42:23 Paladin
43:11 Arrowslits
43:40 Masonry
43:10 Capped Ram
46:26 Chemistry
Connection lost

Rejoining the realm…

Still unreachable

The connection could not be restored.

Session expired

The server has moved on; the page needs a fresh start.